 Dungeon Crawl Stone Soup version 0.19-a0-805-g0a78ef0 (webtiles) character file.

17518 TheGoonsmith the Timeless (level 12, -32/63 HPs)
             Began as a Vine Stalker Enchanter on June 27, 2016.
             Was a High Priest of Cheibriados.
             Annihilated by an enormous slime creature (38 damage)
             ... on level 12 of the Dungeon.
             The game lasted 00:31:08 (10028 turns).

TheGoonsmith the Timeless (Vine Stalker Enchanter) Turns: 10028, Time: 00:31:08

Health: -32/63     AC: 30    Str: 29    XL:     12   Next: 48%
Magic:  0/21       EV: 13    Int: 30    God:    Cheibriados [*****.]
Gold:   115        SH:  0    Dex: 34    Spells: 4 memorised, 6 levels left

rFire  + . .     SeeInvis .     a - +2 dagger (venom)
rCold  + + +     Gourm    .     V - +12 chain mail "Wefocarr" {*Confuse rElec rF+ rC+++}
rNeg   . . .     Faith    .     (no shield)
rPois  .         Spirit   +     E - +2 helmet of Nickilil {Stlth+}
rElec  +         Dismiss  .     M - +0 cloak
rCorr  .         Reflect  .     y - +0 pair of gloves
SustAt .         Harm     .     x - +1 pair of boots
MR     +....                    (no amulet)
Stlth  ++........               e - ring of wizardry
                                K - +5 ring of dexterity

@: very slow, somewhat resistant to hostile enchantments, unstealthy
A: fangs 3, regeneration 3, magic shield, antimagic bite, no device heal 3, rot
immunity
a: Bend Time, Temporal Distortion, Slouch, Step From Time, Renounce Religion


You were on level 12 of the Dungeon.
You worshipped Cheibriados.
Cheibriados was extremely pleased with you.
You were very hungry.

You visited 1 branch of the dungeon, and saw 11 of its levels.

You collected 723 gold pieces.
You spent 608 gold pieces at shops.

Inventory:

Hand Weapons
 a - a +2 dagger of venom (weapon)
 b - a +1 dagger of electrocution
 m - a +1 dagger
Armour
 i - a +0 shield
 w - a +0 ring mail
 x - a +1 pair of boots (worn)
 y - a +0 pair of gloves (worn)
 C - a +0 helmet
 E - the +2 helmet of Nickilil (worn) {Stlth+}
   (You bought it in a shop on level 8 of the Dungeon)

   It makes you more stealthy.
 M - a +0 cloak (worn)
 V - the +12 chain mail "Wefocarr" (worn) {*Confuse rElec rF+ rC+++}
   (You bought it in a shop on level 8 of the Dungeon)

   It protects you from fire.
   It renders you almost immune to cold.
   It insulates you from electricity.
   It may confuse you when you take damage.
 Y - a +1 robe
Jewellery
 e - a ring of wizardry (right hand)
 A - a +2 ring of intelligence
 H - an uncursed ring of ice
 K - a +5 ring of dexterity (left hand)
 T - an uncursed ring of resist corrosion
 W - a +2 ring of intelligence
Wands
 j - a wand of random effects (35/48)
 k - a wand of flame (26/48)
 u - a wand of flame (30/48)
 L - a wand of paralysis (9/24)
 O - a wand of polymorph (18/24)
Scrolls
 f - a scroll of blinking
 g - a scroll of fear
 l - 4 scrolls of remove curse
 n - 5 scrolls of recharging
 r - 2 scrolls of identify
 s - 6 scrolls of noise
 v - 2 scrolls of amnesia
 F - 4 scrolls of teleportation
 G - 2 scrolls of enchant weapon
Potions
 o - 2 potions of brilliance
 p - 4 potions of ambrosia
 t - a potion of agility
 z - 2 potions of might
 B - 3 potions of curing
 D - 2 potions of cancellation
 I - 2 potions of lignification
 J - a potion of magic
 N - a potion of resistance
 P - 3 potions of flight
 U - a potion of heal wounds {unknown}
Books
 c - a book of Maledictions

   Spells                             Type                      Level
   a - Corona                         Hexes                        1
   b - Ensorcelled Hibernation        Hexes/Ice                    2
   c - Confuse                        Hexes                        3
   d - Tukima's Dance                 Hexes                        3
   e - Dazzling Spray                 Conjuration/Hexes            3
 q - a book of Necromancy

   Spells                             Type                      Level
   a - Pain                           Necromancy                   1
   b - Animate Skeleton               Necromancy                   1
   c - Vampiric Draining              Necromancy                   3
   d - Regeneration                   Charms/Necromancy            3
   e - Animate Dead                   Necromancy                   4
   f - Control Undead                 Necromancy                   4
Comestibles
 d - 7 bread rations
 h - 4 meat rations
 Q - 7 fruits
 R - 3 beef jerkies
 S - 9 slices of pizza


   Skills:
 - Level 7.0 Fighting
 - Level 10.4 Short Blades
 + Level 5.8 Armour
 - Level 4.3 Dodging
 - Level 3.6 Stealth
 - Level 3.3 Spellcasting
 - Level 5.0 Hexes
 - Level 11.1 Invocations


You had 6 spell levels left.
You knew the following spells:

 Your Spells              Type           Power        Failure   Level  Hunger
a - Tukima's Dance        Hex            #####...     6%          3    ##.....
b - Ensorcelled Hibernat  Hex/Ice        ###...       9%          2    None
c - Confuse               Hex            #####...     6%          3    ##.....
d - Regeneration          Chrm/Necr      #.........   63%         3    ##.....


Dungeon Overview and Level Annotations

Branches:
Dungeon (12/15)            Temple (0/1) D:6             Orc (0/2) D:9
   Lair: D:8-11

Altars:
Cheibriados
Dithmenos
Fedhas
Gozag
Kikubaaqudgha
Makhleb
Nemelex Xobeh
Qazlal
Ru
Xom
Jiyva

Shops:
D:6 =   D:8 [   D:10 (


Innate Abilities, Weirdness & Mutations

You have razor-sharp teeth.
You regenerate.
When hurt, damage is shared between your health and your magic reserves.
Your bite disrupts and absorbs the magic of your enemies.
Potions and wands cannot restore your health.
You are immune to rotting.


Message History

Aiming: Confuse
Press: ? - help, Shift-Dir - straight line, f/p - enormous slime creature
Aim: an enormous slime creature (heavily wounded, poisoned, chance to defeat MR: 46%)
The enormous slime creature resists with some effort.
You are feeling very hungry.
The enormous slime creature hits you!!!
Ouch! That really hurt!
* * * LOW HITPOINT WARNING * * *
The enormous slime creature hits you but does no damage.
Okay, then.
Okay, then.
Casting: Confuse
Confirm with . or Enter, or press ? or * to list all spells.
Aiming: Confuse
Press: ? - help, Shift-Dir - straight line, f/p - enormous slime creature
Aim: an enormous slime creature (heavily wounded, poisoned, chance to defeat MR: 46%)
The enormous slime creature resists with some effort.
The enormous slime creature hits you!!!
Ouch! That really hurt!
You die...

#....##....##....'...(.#......#
.....#.....##..###..####'###..#
.....#.....#############.###..#
#....#.....#...<.....#....#...#
#....'.....#.........#....#...#
)....#.....'((.......#....#...#
.....########(.#########......#
.....##....##'#####.###########
............)...@J'....#
............(.....#?...#
################### ####


You could see an enormous slime creature.

Vanquished Creatures
  2 entropy weavers (D:12)
  Fannar (D:10)
  A queen ant (D:12)
  2 hill giants
  A cyclops (D:12)
  A gargoyle (D:12)
  A kobold demonologist (D:10)
  A two-headed ogre (D:9)
  2 trolls
  Sigmund (D:6)
  A wraith (D:12)
  6 yaks (D:9)
  A wyvern (D:12)
  A human (D:7)
  A basilisk (D:12)
  2 hippogriffs (D:12)
  A hungry ghost (D:9)
  23 soldier ants (D:12)
  3 ice beasts
  2 black bears (D:6)
  An orc warrior (D:9)
  A wasp (D:10)
  2 necrophages
  A phantom (D:9)
  A sky beast (D:9)
  3 ogres
  14 centaurs
  A crocodile (D:8)
  Blork the orc (D:6)
  2 big kobolds
  6 giant frogs
  A gnoll sergeant (D:6)
  5 scorpions
  16 killer bees
  4 wights (D:10)
  A howler monkey (D:9)
  4 crimson imps
  2 giant frog zombies (D:5)
  A wasp zombie (D:7)
  9 hounds
  2 centaur zombies
  5 orc priests
  11 orc wizards
  A quasit (D:10)
  2 giant frog skeletons
  A jelly (D:8)
  2 iguanas
  28 worker ants
  4 sheep (D:7)
  A hound zombie (D:6)
  12 gnolls
  A worker ant zombie (D:10)
  11 adders
  A howler monkey skeleton (D:10)
  2 shadow imps
  A white imp (D:6)
  2 oozes
  An adder skeleton (D:4)
  5 dart slugs
  4 giant geckos
  25 orcs
  2 ball pythons
  6 giant cockroaches
  5 goblins
  8 hobgoblins
  10 jackals
  23 kobolds
  4 quokkas
  A ball python skeleton (D:5)
  6 bats
  A giant gecko skeleton (D:4)
  6 giant newts
  A quokka skeleton (D:4)
  7 rats
332 creatures vanquished.

Vanquished Creatures (collateral kills)
  A death knight (D:8)
  2 orc warriors
  A wight (D:10)
  A crimson imp (D:6)
5 creatures vanquished.

Vanquished Creatures (others)
  3 dancing weapons
3 creatures vanquished.

Grand Total: 340 creatures vanquished

Notes
Turn   | Place    | Note
--------------------------------------------------------------
     0 | D:1      | TheGoonsmith the Vine Stalker Enchanter began the quest for the Orb.
     0 | D:1      | Reached XP level 1. HP: 9/9 MP: 4/4
    19 | D:1      | Reached skill level 1 in Short Blades
    49 | D:1      | Reached XP level 2. HP: 5/13 MP: 6/6
   387 | D:1      | Reached XP level 3. HP: 15/16 MP: 5/7
   425 | D:1      | Learned a level 2 spell: Ensorcelled Hibernation
   429 | D:1      | Learned a level 3 spell: Confuse
   758 | D:1      | Found a viscous altar of Jiyva.
  1082 | D:2      | Reached XP level 4. HP: 20/21 MP: 8/8
  1815 | D:3      | Found a burning altar of Makhleb.
  1815 | D:3      | Found a sparkling altar of Nemelex Xobeh.
  1817 | D:3      | Found a sacrificial altar of Ru.
  1851 | D:3      | Found a snail-covered altar of Cheibriados.
  1871 | D:3      | Became a worshipper of Cheibriados the Contemplative
  2162 | D:3      | Reached XP level 5. HP: 24/25 MP: 9/9
  2204 | D:3      | Reached skill level 1 in Fighting
  2248 | D:3      | Found a blossoming altar of Fedhas.
  2657 | D:4      | Reached * piety under Cheibriados
  2741 | D:4      | Reached skill level 5 in Short Blades
  2741 | D:4      | Gained mutation: You heal very quickly. [Vine Stalker growth]
  2741 | D:4      | Reached XP level 6. HP: 18/30 MP: 6/10
  3209 | D:5      | Entered Level 5 of the Dungeon
  3219 | D:5      | Reached XP level 7. HP: 28/33 MP: 11/11
  3255 | D:5      | Found a stormy altar of Qazlal.
  3525 | D:5      | Reached ** piety under Cheibriados
  3693 | D:5      | Found a shimmering altar of Xom.
  3802 | D:5      | Found an ancient bone altar of Kikubaaqudgha.
  3966 | D:5      | Gained mutation: You have razor-sharp teeth. [Vine Stalker growth]
  3966 | D:5      | Reached XP level 8. HP: 36/37 MP: 12/12
  4153 | D:6      | Noticed Sigmund
  4163 | D:6      | Killed Sigmund
  4312 | D:6      | Found a blossoming altar of Fedhas.
  4453 | D:6      | Found a staircase to the Ecumenical Temple.
  4485 | D:6      | Reached *** piety under Cheibriados
  4531 | D:6      | Learned a level 3 spell: Tukima's Dance
  4759 | D:6      | Reached skill level 10 in Short Blades
  4759 | D:6      | Reached XP level 9. HP: 39/41 MP: 13/13
  4880 | D:6      | Found Faprer's Jewellery Boutique.
  4944 | D:6      | Noticed Blork the orc
  4958 | D:6      | Killed Blork the orc
  5445 | D:7      | Reached **** piety under Cheibriados
  5782 | D:7      | Reached skill level 5 in Fighting
  6128 | D:8      | Found Potiol's Antique Armour Shoppe.
  6167 | D:8      | Bought a bloodstained chain mail for 304 gold pieces
  6206 | D:8      | Reached ***** piety under Cheibriados
  6206 | D:8      | Reached skill level 5 in Hexes
  6249 | D:8      | Identified the +12 chain mail "Wefocarr" {*Confuse rElec rF+ rC+++} (You bought it in a shop on level 8 of the Dungeon)
  6305 | D:8      | Reached skill level 1 in Armour
  6305 | D:8      | Reached XP level 10. HP: 49/51 MP: 16/16
  6308 | D:8      | Noticed a death knight
  6540 | D:8      | Killed a death knight
  6669 | D:8      | Found an opulent altar of Gozag.
  7465 | D:9      | Reached skill level 5 in Armour
  7870 | D:9      | Found a shadowy altar of Dithmenos.
  7885 | D:9      | Found a staircase to the Orcish Mines.
  8063 | D:8      | Bought a scorched helmet for 304 gold pieces
  8063 | D:8      | Identified the +2 helmet of Nickilil {Stlth+} (You bought it in a shop on level 8 of the Dungeon)
  8424 | D:10     | Entered Level 10 of the Dungeon
  8493 | D:10     | Reached XP level 11. HP: 53/56 MP: 15/17
  8544 | D:10     | Reached ****** piety under Cheibriados
  8701 | D:10     | Found an ancient bone altar of Kikubaaqudgha.
  8721 | D:10     | Reached skill level 1 in Invocations
  8738 | D:10     | Noticed a hill giant
  8748 | D:10     | Killed a hill giant
  8748 | D:10     | Reached skill level 2 in Invocations
  8791 | D:10     | Noticed Fannar
  8813 | D:10     | Killed Fannar
  8813 | D:10     | Reached skill level 4 in Invocations
  8815 | D:10     | Found Difrargh's Weapon Boutique.
  8939 | D:10     | You fall through a shaft for 2 floors!
  9039 | D:12     | Reached skill level 5 in Invocations
  9102 | D:12     | Noticed a cyclops
  9107 | D:12     | Noticed a hill giant
  9127 | D:12     | Reached skill level 6 in Invocations
  9141 | D:12     | Killed a hill giant
  9151 | D:12     | Killed a cyclops
  9151 | D:12     | Reached skill level 7 in Invocations
  9261 | D:12     | Noticed a queen ant
  9288 | D:12     | Killed a queen ant
  9288 | D:12     | Reached skill level 8 in Invocations
  9307 | D:12     | Noticed an entropy weaver
  9312 | D:12     | Gained mutation: You regenerate. [Vine Stalker growth]
  9312 | D:12     | Reached XP level 12. HP: 56/63 MP: 17/19
  9336 | D:12     | Killed an entropy weaver
  9336 | D:12     | Reached skill level 9 in Invocations
  9474 | D:12     | Noticed an entropy weaver
  9481 | D:12     | Killed an entropy weaver
  9481 | D:12     | Reached skill level 10 in Invocations
  9643 | D:12     | Learned a level 3 spell: Regeneration
  9699 | D:12     | Reached skill level 11 in Invocations
 10028 | D:12     | Annihilated by an enormous slime creature

Vault maps used:
D:1:      erik_arrival_cave_to_civilisation
D:3:      nicolae_overflow_quartered_altars, fedhas_altar_4
D:5:      kennysheep_mini, lemuel_round_altar, nicolae_overflow_crystal_walls,
          first_bread
D:6:      basic_altar, serial_shops, shop, grunt_ministairs_14,
          minmay_fire_ice_demons, uniq_blork_the_orc, uniq_sigmund
D:7:      nicolae_whirlpool, grunt_livestock
D:8:      serial_column_ruins, column_ruins_hut_pillars,
          column_ruins_open_medium, column_ruins_open_medium_water,
          column_ruins_corridor_straight, column_ruins_corridor_T, serial_shops,
          shop, grunt_decor_mini_mirrors, minmay_misc_feat_square,
          nicolae_gozag_cash_rules_everything_around_me
D:9:      orc_0_dummy, grunt_dithmenos_shadows
D:10:     basic_altar, serial_shops,
          nicolae_shop_temple_entry_statues_fountains, uniq_fannar
D:12:     moated_statue, zaba_anthell

Skill      XL: |  1  2  3  4  5  6  7  8  9 10 11 12 |
---------------+-------------------------------------+-----
Short Blades   | 1 2 3 4 5 6 7 10 | 10.4
Fighting       | 1 5 7 |  7.0
Hexes          | 5 |  5.0
Spellcasting   | 3 |  3.3
Armour         | 1 5 |  5.8
Dodging        | 4 |  4.3
Invocations    | 8 11 | 11.1
Stealth        | |  3.6

Action                   |  1- 3 |  4- 6 |  7- 9 | 10-12 || total
-------------------------+-------+-------+-------+-------++-------
Melee: Dagger            |   120 |   169 |   348 |   659 ||  1296
       Bite              |    28 |    54 |   171 |   460 ||   713
 Cast: Confuse           |       |     5 |    20 |    19 ||    44
       Corona            |       |       |     1 |       ||     1
       Tukima's Dance    |       |       |    18 |    23 ||    41
Invok: Slouch            |       |       |       |     6 ||     6
  Use: Potion            |       |     1 |       |     2 ||     3
       Scroll            |       |       |    22 |     5 ||    27
 Stab: Sleeping          |     2 |     9 |     5 |       ||    16
       Confused          |       |     3 |     5 |     6 ||    14
       Distracted        |       |       |     1 |     1 ||     2
  Eat: Chunk             |       |     8 |     9 |     4 ||    21
       Bread ration      |       |       |       |     2 ||     2
Armor: Robe              |    32 |    23 |       |       ||    55
       Ring mail         |       |     1 |    75 |       ||    76
       Chain mail        |       |       |     1 |   265 ||   266
Dodge: Dodged            |    54 |    82 |   125 |   274 ||   535
